[Event "Early-Titled-Tuesday-Blitz-May-28-2024"]
[Site "Chess.com"]
[Date "2024.05.28"]
[Round "7"]
[White "JJDAREK"]
[Black "tusplingher"]
[Result "0-1"]
[WhiteElo "2357"]
[BlackElo "2581"]
[TimeControl "180+1"]
[EndTime "9:16:30 PDT"]
[Termination "tusplingher won on time"]

1. d4 Nf6 2. c4 c5 3. d5 b5 4.
cxb5 a6 5. f3 e6 6. e4 exd5 7.
exd5 d6 8. Nc3 Be7 9. bxa6 O-O 10. a4 Re8 11. Kf2 Bxa6 12. Bb5 Bxb5 13. Nxb5 Na6 14. Ne2 c4 15. Re1 Nc5 16. Kg1 Nd3 17. Rf1 Nxd5 18.
Qc2 Rc8 19. Kh1 Bf6 20. Nec3 N5b4 21. Qd1 d5 22. a5 Qd7 23. Na3 Nxc1 24. Rxc1 Nd3 25.
Rc2 Ra8 0-1

[Event "Early-Titled-Tuesday-Blitz-May-28-2024"]
[Site "Chess.com"]
[Date "2024.05.28"]
[Round "7"]
[White "Tol_Tol"]
[Black "Fraler15"]
[Result "1-0"]
[WhiteElo "2384"]
[BlackElo "2199"]
[TimeControl "180+1"]
[EndTime "9:16:31 PDT"]
[Termination "Tol_Tol won by resignation"]

1. d4 d5 2. c4 e6 3. Nc3 Nf6 4.
Bg5 Bb4 5. e3 Nbd7 6. cxd5 exd5 7. Bd3 h6 8. Bh4 c5 9. Ne2 cxd4 10. exd4 O-O 11. O-O Be7 12. Rc1 a6 13. Re1 Re8 14.
Bb1 Nf8 15. a3 Be6 16. Bg3 Rc8 17. Nf4 Bg4 18. Qd3 g6 19. Ba2 Bf5 20. Qd2 Ne4 21. Nxe4 dxe4 22. Nd5 Bg5 23. Bf4 Ne6 24. Bxg5 Nxg5 25.
Rxc8 Qxc8 26. Nf6+ Kg7 27. Nxe8+ Qxe8 28. d5 Qd7 29. h4 Nh7 30. Qd4+ Nf6 31. d6 1-0

[Event "Early-Titled-Tuesday-Blitz-May-28-2024"]
[Site "Chess.com"]
[Date "2024.05.28"]
[Round "7"]
[White "ChessShop"]
[Black "Preobrazhenska_D2011"]
[Result "1-0"]
[WhiteElo "2669"]
[BlackElo "2521"]
[TimeControl "180+1"]
[EndTime "9:16:33 PDT"]
[Termination "ChessShop won by resignation"]

1. d4 Nf6 2. Nf3 b6 3. Bg5 Bb7 4. Nbd2 d5 5. e3 h6 6. Bh4 e6 7. Bb5+ c6 8. Bd3 Bd6 9. Ne5 Nbd7 10. f4 g5 11. Bg3 Bxe5 12. fxe5 Ng8 13. O-O Ne7 14. Qh5 Rf8 15. Qxh6 Qc7 16. Qxg5 Rg8 17. Qh5 O-O-O 18. Rxf7 Rh8 19. Qg4 Nf8 20. Bh4 Re8 21. Raf1 Kb8 22. Bxe7 Rxe7 23. Rxf8+ Re8 24. Rxh8 Rxh8 25.
Qxe6 Qd8 26. Qf6 Qe8 27. Bg6 Qg8 28. e6 Ka8 29. e7 Qb8 30. e8=Q 1-0

[Event "Early-Titled-Tuesday-Blitz-May-28-2024"]
[Site "Chess.com"]
[Date "2024.05.28"]
[Round "7"]
[White "ASKA538"]
[Black "PonyQueen07"]
[Result "0-1"]
[WhiteElo "2360"]
[BlackElo "2073"]
[TimeControl "180+1"]
[EndTime "9:16:33 PDT"]
[Termination "PonyQueen07 won by resignation"]

1. e4 c5 2. d4 cxd4 3. c3 dxc3 4. Nxc3 Nc6 5. Nf3 e6 6. Bc4 Bb4 7. O-O Nge7 8. Nb5 d5 9. exd5 exd5 10. Bd3 a6 11.
Nbd4 Nxd4 12. Nxd4 Bd6 13. Re1 h6 14. Qh5 Bd7 15.
b3 Qb6 16. Be3 Bc5 17. Qh4 O-O-O 18. Rac1 Kb8 19. Nc6+ Nxc6 20. Rxc5 d4 21. Bxd4 Nxd4 22. Qxd4 Bc6 23. Qe5+ Ka7 24. Bc4 Rhe8 0-1

[Event "Early-Titled-Tuesday-Blitz-May-28-2024"]
[Site "Chess.com"]
[Date "2024.05.28"]
[Round "7"]
[White "atbenina64"]
[Black "xasid81"]
[Result "1-0"]
[WhiteElo "2786"]
[BlackElo "2586"]
[TimeControl "180+1"]
[EndTime "9:16:36 PDT"]
[Termination "atbenina64 won by checkmate"]

1. Nf3 d5 2. g3 Nf6 3. Bg2 c6 4. O-O h6 5. c4 e6 6. b3 Nbd7 7.
Bb2 Bd6 8. d4 O-O 9. Nbd2 Qe7 10. Re1 Ba3 11. Bxa3 Qxa3 12. Qc2 Re8 13. e4 dxe4 14.
Nxe4 Nxe4 15. Rxe4 Qd6 16. Rae1 b6 17. Ne5 Bb7 18.
Rg4 Nf6 19. Nxf7 Qb4 20. Nxh6+ Kf8 21. Qg6 Qxe1+ 22. Bf1 Ke7 23. Qxg7+ Kd8 24. Qxb7 Qxf2+ 25. Kxf2 Nxg4+ 26. Nxg4 Rc8 27. Ne5 Rc7 28. Qb8+ Rc8 29. Qd6# 1-0

[Event "Early-Titled-Tuesday-Blitz-May-28-2024"]
[Site "Chess.com"]
[Date "2024.05.28"]
[Round "7"]
[White "mangochessgo"]
[Black "scarabee43"]
[Result "0-1"]
[WhiteElo "2613"]
[BlackElo "2835"]
[TimeControl "180+1"]
[EndTime "9:16:37 PDT"]
[Termination "scarabee43 won by resignation"]

1. d4 Nf6 2. Nf3 d5 3. Bf4 Bf5 4. e3 e6 5. c4 Nbd7 6. Qb3 dxc4 7. Bxc4 Nb6 8. Be2 Be7 9. Nc3 O-O 10. O-O a5 11. a4 c6 12. Rfd1 Nfd5 13. Bg3 Nb4 14. e4 Bg6 15. Ne5 Bd6 16. f3 Qe7 17.
Rac1 Rfd8 18. Bf1 Rac8 19. Ne2 c5 20. Nxg6 hxg6 21. Bxd6 Rxd6 22. dxc5 Rxd1 23. Qxd1 Rxc5 24. b3 Nd7 25. Nc3 Qg5 26. Ne2 Qe3+ 27. Kh1 Nd3 0-1

[Event "Early-Titled-Tuesday-Blitz-May-28-2024"]
[Site "Chess.com"]
[Date "2024.05.28"]
[Round "7"]
[White "GM_Huschenbeth"]
[Black "LeoLV10"]
[Result "1-0"]
[WhiteElo "2496"]
[BlackElo "2564"]
[TimeControl "180+1"]
[EndTime "9:16:44 PDT"]
[Termination "GM_Huschenbeth won by resignation"]

1. e4 c6 2. d4 d5 3. Nc3 dxe4 4.
Nxe4 Nf6 5. Nxf6+ exf6 6. c3 Bd6 7. Bd3 O-O 8. Qc2 Re8+ 9. Ne2 h5 10. O-O h4 11. h3 Nd7 12. Be3 Nf8 13. c4 Be6 14. Rad1 Qd7 15. Nf4 Rad8 16. Rfe1 Bb8 17. d5 Bxf4 18.
dxe6 Qc7 19. Bxf4 Qxf4 20. e7 Rc8 21. Bf5 Ne6 22. Rxe6 g6 23. Rxf6 gxf5 24. Rxf5 Qxf5 25. Qxf5 1-0

[Event "Early-Titled-Tuesday-Blitz-May-28-2024"]
[Site "Chess.com"]
[Date "2024.05.28"]
[Round "7"]
[White "Lion-Al-Messi"]
[Black "verrbaa"]
[Result "0-1"]
[WhiteElo "2618"]
[BlackElo "2448"]
[TimeControl "180+1"]
[EndTime "9:16:46 PDT"]
[Termination "verrbaa won by resignation"]

1. e4 c5 2. Nf3 e6 3. d4 cxd4 4. Nxd4 Nc6 5. Nc3 Qc7 6. Be3 Nf6 7. f4 d6 8. Ndb5 Qb8 9. Qd2 a6 10. Na3 b5 11. e5 dxe5 12. O-O-O Be7 13. fxe5 Nxe5 14. Nab1 O-O 15. Bd3 Rd8 16. h3 Nxd3+ 17. cxd3 e5 18. g4 Be6 19. g5 Nd5 20. Nxd5 Bxd5 21.
Nc3 Bxh1 22. Rxh1 Qb7 23. Rd1 Rac8 24. Kb1 Bb4 25. h4 Bxc3 26. bxc3 e4 27. d4 b4 28. cxb4 Rc4 29. a3 a5 30. Qa2 Rdc8 31. Bd2 Rxd4 32. Rf1 axb4 33. Bxb4 e3 34. h5 Rxb4+ 35. axb4 Qxb4+ 36. Ka1 Qd4+ 37. Qb2 Ra8+ 38. Kb1 Qd3+ 39. Qc2 Qxf1+ 0-1

[Event "Early-Titled-Tuesday-Blitz-May-28-2024"]
[Site "Chess.com"]
[Date "2024.05.28"]
[Round "7"]
[White "HajiyevKanan"]
[Black "kekic76"]
[Result "1-0"]
[WhiteElo "2511"]
[BlackElo "2340"]
[TimeControl "180+1"]
[EndTime "9:16:46 PDT"]
[Termination "HajiyevKanan won by resignation"]

1. d4 d5 2. Nf3 Nf6 3. c4 e6 4.
cxd5 exd5 5. Nc3 c6 6. Qc2 Be7 7. Bf4 O-O 8. e3 Nbd7 9. Bd3 h6 10. h3 Nb6 11. O-O Be6 12. Ne5 Bd6 13. Bh2 Qc7 14. f4 Rfe8 15. Kh1 Nc4 16. Bxc4 dxc4 17. e4 c5 18. d5 Bc8 19. Nb5 Qb8 20. Nxd6 Qxd6 21.
Nxc4 Qd8 22. Rfe1 Nh5 23. Qf2 Nf6 24. Ne5 b6 25. Rad1 Ba6 26. Nc6 Qd7 27. Qf3 Bb7 28.
Ne5 Qd8 29. Bg3 Nd7 30. Nc4 Qf6 31. e5 Nxe5 32. fxe5 1-0

[Event "Early-Titled-Tuesday-Blitz-May-28-2024"]
[Site "Chess.com"]
[Date "2024.05.28"]
[Round "7"]
[White "aljado"]
[Black "Felix-Rose"]
[Result "1-0"]
[WhiteElo "2167"]
[BlackElo "2290"]
[TimeControl "180+1"]
[EndTime "9:16:47 PDT"]
[Termination "aljado won by resignation"]

1. e4 e5 2. Nf3 Nc6 3. Bb5 a6 4. Ba4 Nf6 5. O-O b5 6. Bb3 Bc5 7. c3 d6 8. d4 Bb6 9. h3 O-O 10. dxe5 Nxe5 11. Nxe5 dxe5 12. Qe2 Bb7 13. Bg5 h6 14. Bh4 g5 15. Bg3 Qe7 16. Nd2 Rad8 17.
Rad1 Rxd2 18. Rxd2 Nxe4 19. Rd3 c5 20. Re3 Nxg3 21. Rxg3 c4 22. Bc2 f5 23. Qh5 Qg7 24. h4 f4 25. Rg4 Bc8 26. hxg5 Bxg4 27.
Qxg4 Qxg5 28. Qe6+ 1-0

[Event "Early-Titled-Tuesday-Blitz-May-28-2024"]
[Site "Chess.com"]
[Date "2024.05.28"]
[Round "7"]
[White "campochess"]
[Black "gpsji27"]
[Result "0-1"]
[WhiteElo "2128"]
[BlackElo "2302"]
[TimeControl "180+1"]
[EndTime "9:16:52 PDT"]
[Termination "gpsji27 won by resignation"]

1. d4 d5 2. Bg5 f6 3. Bd2 e5 4. dxe5 fxe5 5. e4 Nf6 6. exd5 Bc5 7.
Nf3 Ng4 8. Bb5+ c6 9. dxc6 bxc6 10. O-O cxb5 11. Qe2 O-O 12. Qxb5 Bxf2+ 13. Rxf2 Nxf2 14. Kxf2 Ba6 15. Qxe5 Kh8 16. Bg5 Qd1 17. Qe4 Nd7 18. Qc6 Ne5 19. Nd2 Qe2+ 20. Kg3 Nxc6 21. Re1 Qb5 22. b3 h6 23. c4 Qf5 24. Be3 Rae8 25. Bf2 Qf4+ 0-1

[Event "Early-Titled-Tuesday-Blitz-May-28-2024"]
[Site "Chess.com"]
[Date "2024.05.28"]
[Round "7"]
[White "Vesper2018"]
[Black "GothamChess"]
[Result "0-1"]
[WhiteElo "2580"]
[BlackElo "2785"]
[TimeControl "180+1"]
[EndTime "9:16:53 PDT"]
[Termination "GothamChess won on time"]

1. e4 d5 2. exd5 Qxd5 3. Nc3 Qa5 4. d4 Nf6 5. Nf3 Bf5 6. Bc4 e6 7. O-O Bb4 8. Bd2 Nc6 9. a3 Bxc3 10. Bxc3 Qb6 11.
b4 Rd8 12. Qe2 Bg4 13. d5 Nxd5 14. Bxd5 Rxd5 15. Bxg7 Rg8 16. Bb2 Rf5 17. Kh1 Rxf3 18. gxf3 Qb5 19. Qe3 Qd5 20. h4 Bxf3+ 21. Kh2 Rg2+ 22.
Kh1 Qf5 0-1

[Event "Early-Titled-Tuesday-Blitz-May-28-2024"]
[Site "Chess.com"]
[Date "2024.05.28"]
[Round "7"]
[White "Pomegranate988"]
[Black "igorkovalenko"]
[Result "0-1"]
[WhiteElo "2661"]
[BlackElo "2902"]
[TimeControl "180+1"]
[EndTime "9:16:58 PDT"]
[Termination "igorkovalenko won by resignation"]

1. Nf3 Nf6 2. g3 d5 3. Bg2 Bf5 4. O-O e6 5. d3 Be7 6. Nh4 Bg4 7. f4 Nfd7 8. Nf3 O-O 9. Nbd2 Nc6 10. d4 h6 11. c3 f5 12. e3 b5 13. a4 a6 14.
Qe2 Na7 15. h3 Bh5 16. axb5 axb5 17. Ra6 Nb6 18. Qf2 Qc8 19. Ra1 c5 20. Ne5 Nc6 21. Rxa8 Qxa8 22. Ndf3 c4 23. g4 Be8 24. gxf5 exf5 25.
Nxc6 Qxc6 26. Ne5 Qe6 27. Bf3 Kh7 28. Kh2 g5 29. Rg1 Rg8 30. Rg2 Nc8 31. Qg1 Nd6 32. Rg3 Ne4 33. Bxe4 fxe4 34. Bd2 Bh5 35. Qf2 Rf8 36. Qg2 Qf5 37. Qf2 gxf4 38. Qxf4 Qxf4 39. exf4 Bh4 40. Rg2 Ra8 41. Rg1 Bf2 42. Rf1 e3 43. Bc1 e2 0-1

[Event "Early-Titled-Tuesday-Blitz-May-28-2024"]
[Site "Chess.com"]
[Date "2024.05.28"]
[Round "7"]
[White "EggLoser"]
[Black "aanshnerurkar"]
[Result "1-0"]
[WhiteElo "2305"]
[BlackElo "2470"]
[TimeControl "180+1"]
[EndTime "9:16:58 PDT"]
[Termination "EggLoser won by resignation"]

1. e4 c5 2. Nf3 d6 3. d4 cxd4 4.
Nxd4 Nf6 5. Nc3 g6 6. f3 Bg7 7. Be3 O-O 8. Bc4 Nc6 9. Qd2 Bd7 10. O-O-O Ne5 11. Bb3 Rc8 12. h4 Nc4 13. Bxc4 Rxc4 14.
g4 b5 15. Ndxb5 Bxb5 16. Nxb5 Qb8 17. Nd4 Rfc8 18. c3 Nd7 19. Nb3 a5 20. Bd4 a4 21. Bxg7 axb3 22. axb3 Qxb3 23. Bd4 e5 24.
Bf2 Rxc3+ 25. bxc3 Rc6 26. Qb2 Rxc3+ 27. Kb1 Qxb2+ 28.
Kxb2 Rxf3 29. Rhf1 Nc5 30. Bxc5 Rxf1 31. Rxf1 dxc5 32.
Kc3 1-0

[Event "Early-Titled-Tuesday-Blitz-May-28-2024"]
[Site "Chess.com"]
[Date "2024.05.28"]
[Round "7"]
[White "Konavets"]
[Black "Thunderbolt135"]
[Result "1-0"]
[WhiteElo "3074"]
[BlackElo "2876"]
[TimeControl "180+1"]
[EndTime "9:17:03 PDT"]
[Termination "Konavets won by resignation"]

1. e4 c5 2. Nf3 e6 3. d4 cxd4 4. Bg5 Qc7 5. Nxd4 a6 6. Nc3 b5 7.
Qd3 Bb7 8. O-O-O h6 9. Be3 Nc6 10. Nxc6 Bxc6 11. Kb1 Nf6 12. Bd4 b4 13. e5 Ng4 14.
Ne2 Nxe5 15. Qg3 d6 16. Nf4 Be4 17. Bd3 Bxd3 18. cxd3 Qd7 19. Nh5 f6 20. f4 Nc6 21.
Bxf6 Qf7 22. Qf3 Rc8 23. Rc1 Kd7 24. Bd4 Be7 25. g4 Rhg8 26. Bf2 g6 27. Ng3 Rgf8 28. Ne2 g5 29. Rhe1 e5 30. f5 a5 31. d4 Bf6 32. Ng3 exd4 33. Re6 Be5 34. Qd5 Rc7 35. Ne4 Rfc8 36. Nxd6 Qf8 1-0

[Event "Early-Titled-Tuesday-Blitz-May-28-2024"]
[Site "Chess.com"]
[Date "2024.05.28"]
[Round "7"]
[White "chrisclaireredfield"]
[Black "LuisFSiles"]
[Result "1-0"]
[WhiteElo "2558"]
[BlackElo "2382"]
[TimeControl "180+1"]
[EndTime "9:17:03 PDT"]
[Termination "chrisclaireredfield won by resignation"]

1. Nf3 Nf6 2. g3 g6 3. Bg2 Bg7 4. O-O O-O 5. d4 d6 6. b3 c6 7. Bb2 Qa5 8. Nbd2 Qh5 9. e4 Bh3 10. Re1 Ng4 11. Nf1 Nd7 12. Bxh3 Qxh3 13. Ng5 Qh5 14.
f4 h6 15. Nf3 Qh3 16. Qd2 Rad8 17. Rad1 e5 18. Qg2 Qxg2+ 19. Kxg2 exf4 20. gxf4 f5 21. e5 dxe5 22. dxe5 Nc5 23. h3 Ne6 24. Kg3 h5 25. hxg4 fxg4 26. Rxd8 Rxd8 27. Ng5 Nd4 28. Bxd4 Rxd4 29.
Ne6 Rd5 30. Nxg7 Kxg7 31. Kh4 Kh6 32. e6 Rc5 33. e7 Rc3 34. Ng3 Rxc2 35. Re2 1-0

[Event "Early-Titled-Tuesday-Blitz-May-28-2024"]
[Site "Chess.com"]
[Date "2024.05.28"]
[Round "7"]
[White "Yaacovn"]
[Black "vishwa_vijeta"]
[Result "0-1"]
[WhiteElo "2857"]
[BlackElo "2644"]
[TimeControl "180+1"]
[EndTime "9:17:06 PDT"]
[Termination "vishwa_vijeta won by resignation"]

1. d4 Nf6 2. e3 d5 3. Bd3 g6 4. Nf3 Bg7 5. h3 O-O 6. O-O b6 7. b3 c5 8. Bb2 Bb7 9. Be2 Nbd7 10. Nbd2 Rc8 11. Rc1 Ne4 12. c3 Nxd2 13. Qxd2 e5 14. dxe5 Nxe5 15. Rfd1 Qe7 16. c4 Rcd8 17. Nxe5 Bxe5 18.
Bxe5 Qxe5 19. Bf3 dxc4 20. Qxd8 Bxf3 21. gxf3 Rxd8 22. Rxd8+ Kg7 23. Rcd1 c3 24. f4 Qf6 25.
R8d6 c2 0-1

[Event "Early-Titled-Tuesday-Blitz-May-28-2024"]
[Site "Chess.com"]
[Date "2024.05.28"]
[Round "7"]
[White "AnaKuchava"]
[Black "Balla_Tamas"]
[Result "1-0"]
[WhiteElo "2209"]
[BlackElo "2454"]
[TimeControl "180+1"]
[EndTime "9:17:10 PDT"]
[Termination "AnaKuchava won by resignation"]

1. d4 d5 2. Nf3 Nf6 3. c4 e6 4. Nc3 c5 5. Bg5 Be7 6. dxc5 Nc6 7. e3 O-O 8. Be2 Bxc5 9. O-O Be7 10. cxd5 exd5 11.
Bxf6 Bxf6 12. Qxd5 Be6 13. Qxd8 Rfxd8 14. Rfd1 a6 15.
h3 h6 16. Kf1 Rac8 17. Ke1 Nb4 18. Rxd8+ Rxd8 19. Rc1 Bxa2 20. Nxa2 Nxa2 21. Rc7 b5 22. b3 Nb4 23. Bd1 Nd3+ 24. Ke2 Nxf2 25. Bc2 Nh1 26.
Ra7 Ng3+ 27. Kf2 Rc8 28. Bd3 Rc3 29. Ra8+ 1-0

[Event "Early-Titled-Tuesday-Blitz-May-28-2024"]
[Site "Chess.com"]
[Date "2024.05.28"]
[Round "7"]
[White "unbreakablepawn35"]
[Black "Arteler"]
[Result "0-1"]
[WhiteElo "2372"]
[BlackElo "2239"]
[TimeControl "180+1"]
[EndTime "9:17:12 PDT"]
[Termination "Arteler won by resignation"]

1. c4 Nf6 2. Nc3 g6 3. e4 Bg7 4.
g3 d6 5. Bg2 O-O 6. Nge2 Nc6 7. O-O e5 8. d3 a6 9. h3 Rb8 10. Kh2 b5 11. b3 bxc4 12. dxc4 Nd4 13. Nxd4 exd4 14. Nd5 c6 15. Nxf6+ Qxf6 16. Bb2 c5 17. f4 Qe7 18. Qd3 a5 19. Rab1 a4 20. Ba1 Bd7 21. b4 Qd8 22. b5 Qa5 23. Bb2 d5 24.
exd5 Bf5 25. Be4 Bxe4 26. Qxe4 Rfe8 27. Qc2 Re3 28. Bc1 Re7 29. Bd2 Re2+ 0-1

[Event "Early-Titled-Tuesday-Blitz-May-28-2024"]
[Site "Chess.com"]
[Date "2024.05.28"]
[Round "7"]
[White "mr_gustavo"]
[Black "Kumi29"]
[Result "1-0"]
[WhiteElo "2730"]
[BlackElo "2577"]
[TimeControl "180+1"]
[EndTime "9:17:15 PDT"]
[Termination "mr_gustavo won by resignation"]

1. Nf3 d5 2. g3 Bf5 3. Bg2 h6 4. O-O Nf6 5. d3 Nbd7 6. Nbd2 e5 7.
e4 dxe4 8. Nh4 Bh7 9. dxe4 Bc5 10. Qe2 Qe7 11. c3 O-O-O 12. Nb3 Bb6 13. a4 Nc5 14. a5 Nxb3 15. axb6 Nxa1 16. bxa7 Kd7 17. Qb5+ c6 18. Qxb7+ Kd6 19. Rd1+ Nd5 20. Rxd5+ cxd5 21. Qb6+ Kd7 22. Bh3+ f5 23. Nxf5 Bxf5 24. Bxf5+ Ke8 25. Qc6+ Kf8 26. a8=Q Nb3 27. Qab7 Nxc1 28. exd5 e4 29.
Qxe7+ Kxe7 30. Qe6+ Kf8 31. Bg6 1-0

[Event "Early-Titled-Tuesday-Blitz-May-28-2024"]
[Site "Chess.com"]
[Date "2024.05.28"]
[Round "7"]
[White "ValeriyGrinev"]
[Black "AradNazari"]
[Result "0-1"]
[WhiteElo "2584"]
[BlackElo "2793"]
[TimeControl "180+1"]
[EndTime "9:17:16 PDT"]
[Termination "AradNazari won by resignation"]

1. e4 c5 2. Nc3 d6 3. g3 g6 4.
Bg2 Bg7 5. d3 e6 6. Nge2 Ne7 7.
Be3 O-O 8. Qd2 Re8 9. O-O Nbc6 10. f4 Rb8 11. Bf2 b5 12. a4 b4 13. Nd1 Bb7 14.
c3 a5 15. Ne3 d5 16. e5 Ba6 17. Ng4 Nf5 18. Bxc5 bxc3 19. bxc3 Qc7 20. Bf2 Rb3 21. Nf6+ Bxf6 22. exf6 Reb8 23. Rac1 Rb2 24. Rc2 Rxc2 25. Qxc2 Nb4 26. Qd1 Nxd3 27. g4 Nxf2 28.
Rxf2 Ne3 29. Qd2 Rb1+ 30. Bf1 Nxg4 31. f5 exf5 32. Rg2 Qb6+ 33. Kh1 Rxf1+ 34. Ng1 Nf2+ 35. Rxf2 Qxf2 36. Qg5 d4 0-1

[Event "Early-Titled-Tuesday-Blitz-May-28-2024"]
[Site "Chess.com"]
[Date "2024.05.28"]
[Round "7"]
[White "dianamirza"]
[Black "Gumugama"]
[Result "0-1"]
[WhiteElo "2003"]
[BlackElo "2303"]
[TimeControl "180+1"]
[EndTime "9:17:19 PDT"]
[Termination "Gumugama won by checkmate"]

1. e4 c5 2. c4 Nc6 3. Nc3 g6 4. g3 Bg7 5. Bg2 e6 6. d3 Nge7 7. Be3 Nd4 8. Qd2 O-O 9. Nge2 Nec6 10. O-O Re8 11. Rab1 Rb8 12. a3 a6 13. b4 d6 14. b5 axb5 15. cxb5 Nxe2+ 16. Nxe2 Nd4 17. f4 Nxe2+ 18. Qxe2 Qa5 19. Rb3 Bd7 20. Rfb1 Rec8 21. Bd2 Qa4 22. f5 exf5 23. exf5 Bxf5 24. Bf4 c4 25. Rb4 Qxa3 26. Bxd6 Bxd3 27. Qf3 Ra8 28. Re1 Re8 29. Rxe8+ Rxe8 30. Qxb7 Qc1+ 31. Kf2 Qe3# 0-1

[Event "Early-Titled-Tuesday-Blitz-May-28-2024"]
[Site "Chess.com"]
[Date "2024.05.28"]
[Round "7"]
[White "andrew-blr"]
[Black "crescentmoon2411"]
[Result "0-1"]
[WhiteElo "2641"]
[BlackElo "2893"]
[TimeControl "180+1"]
[EndTime "9:17:20 PDT"]
[Termination "crescentmoon2411 won by resignation"]

1. d4 d5 2. c4 e6 3. Nc3 a6 4.
cxd5 exd5 5. Bf4 Nf6 6. e3 Bd6 7. Bxd6 Qxd6 8. Bd3 O-O 9. Qc2 c5 10. dxc5 Qxc5 11. Nge2 Nc6 12. O-O d4 13. exd4 Nxd4 14. Nxd4 Qxd4 15. Rad1 Qh4 16. Bf5 Bxf5 17. Qxf5 Rad8 18.
g3 Qb4 19. Qc2 h5 20. h4 g6 21. Rxd8 Rxd8 22. Rd1 Rxd1+ 23. Nxd1 Qe1+ 24. Kg2 Ng4 25. Qc8+ Kg7 26. Qc3+ Qxc3 27. Nxc3 Kf6 28. Ne4+ Ke5 29. Nc5 b5 30. Nxa6 Kd4 31. b4 Ne5 32. a3 Nc4 33.
Nc7 Nxa3 34. Kf3 Kc4 35. Kf4 f6 36. g4 hxg4 37. Kxg4 Nc2 38. h5 gxh5+ 39. Kxh5 Nxb4 40. Kg6 Nd5 41. Nxb5 Kxb5 42. Kf5 Kc5 43. Ke6 Kc4 44. Kf5 Kd3 45. Ke6 Ke4 46. f3+ Kxf3 47. Kxd5 f5 0-1

[Event "Early-Titled-Tuesday-Blitz-May-28-2024"]
[Site "Chess.com"]
[Date "2024.05.28"]
[Round "7"]
[White "edgarhay012"]
[Black "platy3"]
[Result "0-1"]
[WhiteElo "2628"]
[BlackElo "2878"]
[TimeControl "180+1"]
[EndTime "9:17:20 PDT"]
[Termination "platy3 won on time"]

1. e4 c5 2. Nc3 e6 3. Nf3 Nc6 4. Bb5 Nd4 5. Bd3 a6 6. Nxd4 cxd4 7.
Ne2 Bc5 8. O-O Qh4 9. g3 Qh5 10. c3 dxc3 11. bxc3 Nf6 12. Nf4 Qxd1 13. Rxd1 e5 14.
Ng2 d6 15. Ne3 Be6 16. Bc2 O-O 17. d4 Ba7 18. Ba3 Rfd8 19. Rab1 b5 20. d5 Bh3 21. Bd3 Rac8 22. Rbc1 Bxe3 23. fxe3 Bg4 24. Rf1 Bh5 25. c4 bxc4 26. Rxc4 Rxc4 27. Bxc4 Nxe4 28. Rc1 a5 29. Bd3 Bg6 30. Bxe4 Bxe4 31. Bxd6 f6 32. Rc6 Bxd5 33. Ra6 Bc4 34. Bc7 Rd1+ 0-1

[Event "Early-Titled-Tuesday-Blitz-May-28-2024"]
[Site "Chess.com"]
[Date "2024.05.28"]
[Round "7"]
[White "Alex_Sahakyan2006"]
[Black "JiaHaoxiang"]
[Result "1-0"]
[WhiteElo "2844"]
[BlackElo "2625"]
[TimeControl "180+1"]
[EndTime "9:17:21 PDT"]
[Termination "Alex_Sahakyan2006 won by resignation"]

1. e4 c5 2. Nc3 Nc6 3. Bb5 Nd4 4. Nf3 a6 5. Bd3 Nc6 6. O-O b5 7. b3 e6 8. Bb2 d6 9. Re1 Nf6 10. a4 b4 11. Nd5 exd5 12. exd5+ Ne5 13. Nxe5 dxe5 14.
Bxe5 Be7 15. d6 O-O 16. dxe7 Qxe7 17. Qf3 Bb7 18. Qf5 Qd7 19. Qg5 h6 20. Qg3 Ne8 21.
Bb2 f5 22. Bc4+ Kh8 23. Re6 Nf6 24. Rae1 Rae8 25. Bxf6 gxf6 26. Qg6 Rd8 27. Re7 1-0

[Event "Early-Titled-Tuesday-Blitz-May-28-2024"]
[Site "Chess.com"]
[Date "2024.05.28"]
[Round "7"]
[White "suyu28"]
[Black "Msb2"]
[Result "0-1"]
[WhiteElo "2772"]
[BlackElo "3044"]
[TimeControl "180+1"]
[EndTime "9:17:22 PDT"]
[Termination "Msb2 won on time"]

1. d4 d5 2. c4 e6 3. Nf3 Nf6 4. g3 Nc6 5. Bg2 Bd6 6. O-O O-O 7. Nc3 dxc4 8. Qa4 e5 9. dxe5 Nxe5 10. Nxe5 Bxe5 11.
Qxc4 c6 12. Rd1 Qe7 13. Qb3 Be6 14. Qc2 Rfd8 15. Be3 Ng4 16. Rxd8+ Qxd8 17. Bd2 Qb6 18. e3 Rd8 19. Rd1 g6 20. b3 Nf6 21. Na4 Qc7 22. Nc5 Bc8 23. Be1 Rxd1 24. Qxd1 b6 25.
Nd3 Bd6 26. Bc3 Be7 27. Ne5 Bb7 28. Qd3 c5 29. Qc4 Bd8 30. Nxf7 Bxg2 31. Nxd8+ Bd5 32. Qh4 Ne4 33. Bb2 c4 34. bxc4 Nd2 0-1

[Event "Early-Titled-Tuesday-Blitz-May-28-2024"]
[Site "Chess.com"]
[Date "2024.05.28"]
[Round "7"]
[White "Quattroporte300"]
[Black "NowInChess"]
[Result "1-0"]
[WhiteElo "2402"]
[BlackElo "2233"]
[TimeControl "180+1"]
[EndTime "9:17:25 PDT"]
[Termination "Quattroporte300 won on time"]

1. e4 e6 2. b3 d5 3. Bb2 dxe4 4. Nc3 Nf6 5. Qe2 Bb4 6. O-O-O Qe7 7. Nxe4 Ba3 8. Nxf6+ Qxf6 9. d4 Bxb2+ 10. Kxb2 a5 11.
a4 Nc6 12. Nf3 O-O 13. Qe4 Ne7 14. h4 Qf5 15. Bd3 Qxe4 16. Bxe4 f5 17. Bd3 h6 18. Rhe1 Nd5 19. Bc4 Bd7 20. Ne5 Be8 21. Nd3 Bh5 22. Rd2 Rae8 23. Nc5 Bf7 24. Nxb7 Rb8 25. Nxa5 Rb6 26.
Bb5 Ra8 27. Nc4 Rbb8 28. Ne5 Rb6 29. Nd7 Rb7 30. Bc6 Raa7 31. Bxb7 Rxb7 32. Nc5 Rb6 33.
a5 Rb5 34. Ra1 c6 35. c4 1-0

[Event "Early-Titled-Tuesday-Blitz-May-28-2024"]
[Site "Chess.com"]
[Date "2024.05.28"]
[Round "7"]
[White "Pasmendjambvirgulptipon98"]
[Black "Boundless_Strike"]
[Result "0-1"]
[WhiteElo "2365"]
[BlackElo "2610"]
[TimeControl "180+1"]
[EndTime "9:17:26 PDT"]
[Termination "Boundless_Strike won by resignation"]

1. c4 d6 2. Nc3 e5 3. e3 f5 4. d4 Nc6 5. Nf3 Nf6 6. dxe5 Nxe5 7.
Be2 c6 8. Qc2 g6 9. O-O Bg7 10.
Rd1 Qe7 11. e4 O-O 12. Bg5 h6 13. Be3 Be6 14. Nxe5 dxe5 15. f3 fxe4 16. Nxe4 Nxe4 17. fxe4 Qh4 18. g3 Qh3 19. Rf1 Bg4 20. Bxg4 Qxg4 21.
Qg2 Rxf1+ 22. Rxf1 Rf8 23. h3 Qe6 24. Rxf8+ Bxf8 25. Qe2 Qxh3 26. Qf1 Qxg3+ 27. Qg2 Qxe3+ 28. Kh2 Qf4+ 29. Kh3 Kg7 30. Qg4 Qxg4+ 31. Kxg4 h5+ 0-1

[Event "Early-Titled-Tuesday-Blitz-May-28-2024"]
[Site "Chess.com"]
[Date "2024.05.28"]
[Round "7"]
[White "GMAneta"]
[Black "H3nriqueTV"]
[Result "1-0"]
[WhiteElo "2532"]
[BlackElo "2360"]
[TimeControl "180+1"]
[EndTime "9:17:28 PDT"]
[Termination "GMAneta won by resignation"]

1. d4 Nf6 2. Nf3 g6 3. c4 Bg7 4. g3 O-O 5. Bg2 c5 6. Nc3 d5 7.
dxc5 Ne4 8. Nxd5 e6 9. Ne3 Qa5+ 10. Bd2 Qxc5 11. b4 Qc7 12. Rc1 Rd8 13. Qc2 Nxd2 14. Nxd2 Nc6 15. Qb1 Nd4 16. Nf3 e5 17. Nxd4 exd4 18.
Nd5 Qe5 19. Qb2 Qd6 20. Qd2 Bf5 21. O-O d3 22. exd3 Rac8 23. Rfe1 b5 24. c5 Qd7 25. Ne7+ Kh8 26. Nxc8 Qxc8 27. c6 Rxd3 28. Qf4 h6 29.
c7 Rd7 30. h4 Be6 31. Bb7 Qxb7 32. c8=Q+ Qxc8 33. Rxc8+ Kh7 34. Rc6 Bf5 35. Rd6 Rc7 36. h5 Rc4 37. hxg6+ Bxg6 38. Qf3 Rxb4 39. Rd7 Rb2 40.
Rxf7 Bxf7 41. Qxf7 Rb4 42. Re7 Rg4 43. Qf5+ Rg6 44. Re6 1-0